 Dungeon Crawl Stone Soup version 0.23-a0-536-g5e0f5a2 (webtiles) character file.

9914 theclanless the Cleaver (level 11, -1/100 HPs)
             Began as a Naga Fighter on Dec 6, 2018.
             Was a High Priest of Cheibriados.
             Slain by a yak (9 damage)
             ... on level 10 of the Dungeon.
             The game lasted 00:35:02 (7993 turns).

theclanless the Cleaver (Naga Fighter)              Turns: 7993, Time: 00:35:02

Health: -1/100     AC:  8    Str: 31    XL:     11   Next: 53%
Magic:  0/15       EV: 10    Int: 21    God:    Cheibriados [*****.]
Gold:   554        SH: 18    Dex: 22    Spells: 10/10 levels left

rFire    . . .     SeeInvis +   P - +1 broad axe (curse)
rCold    . . .     Gourm    .   Q - +0 large shield
rNeg     . . .     Faith    .   l - +0 ring mail
rPois    +         Spirit   +   (no helmet)
rElec    .         Reflect  .   p - +0 cloak
rCorr    .         Harm     .   (no gloves)
MR       +....                  (no barding)
Stlth    +.........             B - amulet of guardian spirit
HPRegen  0.26/turn              (no ring)
MPRegen  0.14/turn              (no ring)

@: very slow
A: large, see invisible, deformed body, poison resistance, slowness 2, slow
metabolism 1, spit poison 1, AC +3
a: Spit Poison, Bend Time, Temporal Distortion, Slouch, Step From Time, Renounce
Religion


You were on level 10 of the Dungeon.
You worshipped Cheibriados.
Cheibriados was extremely pleased with you.
You were not hungry.

You visited 2 branches of the dungeon, and saw 11 of its levels.

You collected 554 gold pieces.

Inventory:

Hand Weapons
 a - a +0 war axe
 b - a +0 spear
 i - a +3 quarterstaff of chaos
 y - a +0 trident
 M - a +0 hunting sling
 P - a cursed +1 broad axe (weapon)
Missiles
 e - 298 stones
 v - 12 tomahawks (quivered)
 x - 4 javelins
Armour
 c - a +2 shield
 l - a +0 ring mail (worn)
 m - a +0 scale mail
 n - a +0 plate armour
 p - a +0 cloak (worn)
 Q - a +0 large shield (worn)
Jewellery
 w - an uncursed ring of fire
 B - an amulet of guardian spirit (around neck)
 D - a +2 ring of intelligence
Wands
 d - a wand of clouds (7)
 z - a wand of paralysis (8)
 I - a wand of scattershot (6)
 J - a wand of digging (5)
 L - a wand of iceblast (6)
 N - a wand of acid (7)
Scrolls
 k - 6 scrolls of teleportation
 o - 6 scrolls of remove curse
 C - 4 scrolls of identify
 G - 2 scrolls of amnesia
 K - a scroll of fog
Potions
 g - 2 potions of brilliance
 h - 5 potions of curing
 j - a potion of mutation
 q - 3 potions of flight {unknown}
 r - a potion of invisibility {unknown}
 s - 2 potions of haste {unknown}
 t - 2 potions of lignification
 u - 3 potions of resistance {unknown}
 A - a potion of ambrosia {unknown}
 E - a potion of heal wounds
 F - a potion of berserk rage
 H - a potion of degeneration {unknown}
Comestibles
 f - 15 rations
 O - 6 chunks of flesh


   Skills:
 + Level 7.5 Fighting
 * Level 10.0 Axes
 + Level 6.2 Armour
 + Level 5.4 Dodging
 * Level 6.4 Shields
 + Level 6.5 Invocations


You had 10 spell levels left.
You didn't know any spells.
Your spell library was empty.

Dungeon Overview and Level Annotations

Branches:
Dungeon (10/15)            Temple (1/1) D:4
   Lair: D:8-11         Orc: D:9-12

Altars:
Ashenzari
Cheibriados
Dithmenos
Elyvilon
Fedhas
Gozag
Hepliaklqana
Kikubaaqudgha
Makhleb
Nemelex Xobeh
Okawaru
Qazlal
Ru
Sif Muna
Trog
Uskayaw
Vehumet
Wu Jian
Xom
Yredelemnul
Zin
The Shining One
Jiyva

Shops:
D:6 =


Innate Abilities, Weirdness & Mutations

You cannot wear boots.
Your serpentine skin is tough. (AC +3)
You have supernaturally acute eyesight. (SInv)
Armour fits poorly on your strangely shaped body.
Your system is resistant to poisons. (rPois)
You cover ground very slowly.
You have a slow metabolism.
You can spit poison.


Message History

Unknown command.
Your shield prevents you from hitting the yak.
The yak is almost dead.
You barely miss the yak. You hit the yak but do no damage. You slash the yak!
You kill the yak!
Cheibriados thoroughly appreciates the change of pace.
You block the yak's attack. x3; The yak gores you.
* * * LOW HITPOINT WARNING * * *
The yak barely misses you.
You slice the yak!!
You kill the yak!
Cheibriados thoroughly appreciates the change of pace.
Your Axes skill increases to level 10!
You hit the yak. x2; You slash the yak! You barely miss the yak.
The yak gores you.
* * * LOW HITPOINT WARNING * * *
You block the yak's attack. x2; The yak gores you!
* * * LOW HITPOINT WARNING * * *
The yak gores you!
You die...

....... .............. #
#†..(......... .#
#...........# . #...........#
.# .#...........####.#
.............Y....#
#....>.....YYY.########
#..(())÷)..Y@Y....#...##
........(....†##........#
............)##.........######
........................##...#
.#....................####....
..............................
..............................
........)..†....>...÷†..<..<).
......)............)(........


You could see 6 yaks.

Vanquished Creatures
  Josephine (D:9)
  Nergalle (D:10)
  A skeletal warrior (D:9)
  An ugly thing (D:10)
  2 trolls (D:10)
  A hornet (D:10)
  Prince Ribbit (D:5)
  4 flying skulls (D:9)
  A spriggan (D:9)
  3 shadows
  2 yaks (D:10)
  3 wraiths
  Grum (D:8)
  2 wargs (D:10)
  4 orc warriors
  2 black bears
  An ice beast (D:9)
  A sky beast (D:8)
  3 phantoms
  4 ogres
  4 wolves
  2 centaurs (D:10)
  8 bullfrogs
  A wyvern zombie (D:9)
  A scorpion (D:7)
  3 wights (D:9)
  A howler monkey (D:8)
  3 crimson imps
  3 bullfrog zombies (D:9)
  5 centaur zombies (D:9)
  Crazy Yiuf (D:2)
  3 bullfrog skeletons
  4 orc priests
  6 hounds
  4 jellies
  9 orc wizards
  3 centaur skeletons
  5 iguanas
  9 worker ants
  2 hound zombies
  3 hound skeletons
  3 worker ant zombies (D:9)
  A howler monkey skeleton (D:8)
  11 adders
  2 shadow imps
  An ooze (D:1)
  An adder zombie (D:9)
  An adder skeleton (D:9)
  4 worms
  A dart slug (D:2)
  6 leopard geckos
  34 orcs
  9 bats
  7 giant cockroaches
  10 goblins
  9 hobgoblins
  5 kobolds
  3 quokkas
  3 frilled lizards
  A quokka skeleton (D:9)
  A quokka zombie (D:8)
  2 rats
234 creatures vanquished.

Notes
Turn   | Place    | Note
-------+----------+-------------------------------------------
     0 | D:1      | theclanless the Naga Fighter began the quest for the Orb.
     0 | D:1      | Reached XP level 1. HP: 21/21 MP: 1/1
   172 | D:1      | Reached XP level 2. HP: 28/28 MP: 2/2
   392 | D:1      | Reached XP level 3. HP: 34/34 MP: 3/3
   963 | D:2      | Found a runed door.
  1100 | D:2      | Reached skill level 1 in Dodging
  1161 | D:2      | Reached XP level 4. HP: 42/42 MP: 4/4
  1316 | D:2      | Found a sacrificial altar of Ru.
  1345 | D:2      | Became a worshipper of Ru the Awakened
  1412 | D:2      | Noticed Crazy Yiuf
  1419 | D:2      | Killed Crazy Yiuf
  1419 | D:2      | Reached skill level 3 in Axes
  1540 | D:3      | Found a hide-covered altar of Uskayaw.
  1542 | D:3      | Noticed a +0 hand axe
  1542 | D:3      | Noticed a -3 hand axe
  1733 | D:3      | Reached XP level 5. HP: 28/49 MP: 5/5
  2417 | D:4      | Noticed an ogre
  2426 | D:4      | Killed an ogre
  2426 | D:4      | Reached skill level 4 in Axes
  2426 | D:4      | Reached XP level 6. HP: 33/57 MP: 6/6
  2436 | D:4      | Found an opulent altar of Gozag.
  2737 | D:4      | Found a staircase to the Ecumenical Temple.
  2973 | D:4      | Noticed a phantom
  3002 | D:4      | Killed a phantom
  3002 | D:4      | Reached XP level 7. HP: 45/64 MP: 7/7
  3315 | Temple   | Entered the Ecumenical Temple
  3390 | Temple   | Fell from the grace of Ru
  3390 | Temple   | Became a worshipper of Cheibriados the Contemplative
  3495 | D:5      | Entered Level 5 of the Dungeon
  3694 | D:5      | Found a snail-covered altar of Cheibriados.
  4062 | D:5      | Reached skill level 1 in Invocations
  4063 | D:5      | Reached skill level 5 in Axes
  4073 | D:5      | Noticed Prince Ribbit
  4266 | D:5      | Killed Prince Ribbit
  4266 | D:5      | Reached XP level 8. HP: 60/73 MP: 7/9
  4406 | D:5      | Reached * piety under Cheibriados
  5052 | D:6      | Reached skill level 5 in Fighting
  5052 | D:6      | Reached skill level 6 in Axes
  5054 | D:6      | Reached ** piety under Cheibriados
  5090 | D:6      | Found Heoxitisch's Jewellery Shop.
  5465 | D:7      | Reached XP level 9. HP: 75/81 MP: 11/11
  5613 | D:7      | Found a glowing silver altar of Zin.
  5613 | D:7      | Noticed an angel
  5620 | D:7      | Found a shimmering altar of Xom.
  5957 | D:7      | Found an ornate altar of the Wu Jian Council.
  5960 | D:7      | Found a deep blue altar of Sif Muna.
  5968 | D:7      | Found a basalt altar of Yredelemnul.
  5971 | D:7      | Found a radiant altar of Vehumet.
  6023 | D:8      | Reached *** piety under Cheibriados
  6032 | D:8      | Reached skill level 7 in Axes
  6046 | D:8      | Noticed Grum
  6265 | D:8      | Killed Grum
  6527 | D:8      | Reached skill level 5 in Armour
  6528 | D:8      | Reached skill level 5 in Shields
  6628 | D:8      | Reached XP level 10. HP: 77/91 MP: 11/13
  6716 | D:8      | Found a white marble altar of Elyvilon.
  6959 | D:9      | Reached skill level 8 in Axes
  6965 | D:9      | Reached **** piety under Cheibriados
  7050 | D:9      | Noticed a skeletal warrior
  7061 | D:9      | Reached skill level 5 in Invocations
  7073 | D:9      | Killed a skeletal warrior
  7087 | D:9      | Noticed Josephine
  7108 | D:9      | Killed Josephine
  7125 | D:9      | Reached skill level 9 in Axes
  7158 | D:9      | Reached skill level 5 in Dodging
  7231 | D:9      | Reached XP level 11. HP: 66/100 MP: 13/15
  7412 | D:9      | Reached ***** piety under Cheibriados
  7568 | D:9      | Found a hazy altar of Hepliaklqana.
  7765 | D:10     | Entered Level 10 of the Dungeon
  7826 | D:10     | Noticed a cyan ugly thing
  7879 | D:10     | Noticed Nergalle
  7893 | D:10     | Killed Nergalle
  7923 | D:10     | Killed a cyan ugly thing
  7993 | D:10     | Reached skill level 10 in Axes
  7993 | D:10     | Slain by a yak

Vault maps used:
D:1:      lightli_arrival_farm
D:2:      nicolae_ru_the_path_less_chosen, uniq_crazy_yiuf_cottage
D:3:      dancing_weapons_uskayaw, first_ration, minmay_three_crescents
D:4:      kennysheep_little_box, temple_doors_cd
D:5:      cheibriados_altar_1, uniq_prince_ribbit1
D:6:      serial_shops, shop, grunt_ministairs_12
D:7:      grunt_temple_overflow_order_and_chaos_1,
          grunt_temple_overflow_cloverleaf
D:8:      kennysheep_mini_moat, uniq_grum
D:9:      hangedman_screamer, kennysheep_mini, the_bakery
D:10:     erik_lair_orcish_takeover, basic_altar, minmay_checkerbox,
          uniq_nergalle
Temple:   pf_slime_end_temple

Skill      XL: |  1  2  3  4  5  6  7  8  9 10 11 |
---------------+----------------------------------+-----
Dodging        | 1 2 3 4 5 |  5.4
Axes           | 3 4 5 6 7 9 10 | 10.0
Armour         | 3 4 5 6 |  6.2
Shields        | 3 4 5 6 |  6.4
Fighting       | 4 5 6 7 |  7.5
Invocations    | 1 3 4 5 6 |  6.5

Action                   |  1- 3 |  4- 6 |  7- 9 | 10-12 || total
-------------------------+-------+-------+-------+-------++-------
Melee: War axe           |    79 |   120 |   340 |   156 ||   695
       Broad axe         |       |       |       |    74 ||    74
Throw: Stone             |     3 |     4 |       |       ||     7
       Tomahawk          |       |     4 |    15 |    21 ||    40
Invok: Bend Time         |       |       |       |     2 ||     2
       Slouch            |       |       |       |     2 ||     2
 Abil: Spit Poison       |    16 |    23 |    36 |     8 ||    83
  Use: Scroll            |     3 |     5 |     5 |     2 ||    15
       Potion            |       |     1 |     4 |     2 ||     7
  Eat: Chunk             |     1 |     2 |    10 |     4 ||    17
       Ration            |       |     1 |     1 |       ||     2
Armor: Scale mail        |    15 |       |       |       ||    15
       Ring mail         |    18 |    41 |    97 |    48 ||   204
Dodge: Dodged            |    21 |    25 |   112 |    75 ||   233
Block: Shield            |    39 |    54 |   206 |   111 ||   410
       Large shield      |       |       |       |   118 ||   118

Table legend:
 A = Non-vault XP
 B = Vault XP
 C = Vault XP percentage of total XP
 D = Non-vault monster count
 E = Vault monster count
 F = Vault count percentage of total count
                 A         B        C        D         E       F
            +---------+---------+-------+---------+---------+-------
      Total |    6242 |    7922 |  55.9 |     175 |      59 |  25.2
            +---------+---------+-------+---------+---------+-------
        D:1 |      34 |       0 |   0.0 |      15 |       0 |   0.0
        D:2 |      50 |      42 |  45.7 |      18 |       1 |   5.3
        D:3 |      50 |      27 |  35.1 |      21 |       6 |  22.2
        D:4 |     498 |       0 |   0.0 |      14 |       0 |   0.0
        D:5 |     364 |     246 |  40.3 |      21 |       1 |   4.5
        D:6 |     803 |      86 |   9.7 |      21 |       2 |   8.7
        D:7 |     576 |     115 |  16.6 |      21 |       1 |   4.5
        D:8 |    1246 |     541 |  30.3 |      17 |       4 |  19.0
        D:9 |     633 |    4573 |  87.8 |      10 |      33 |  76.7
       D:10 |    1988 |    2292 |  53.6 |      17 |      11 |  39.3
            +---------+---------+-------+---------+---------+-------
